 Dungeon Crawl Stone Soup version 0.30-a0-1075-gcd70e7a56d (webtiles) character file.

Game seed: 5664746540986984650

2902 retardedninja the Cleaver (level 9, 0/76 HPs)
             Began as a Naga Fighter on Apr 14, 2023.
             Was a Follower of Hepliaklqana.
             Slain by Duvessa
             ... wielding a +0 short sword of electrocution
              (19 damage)
             ... on level 7 of the Dungeon.
             The game lasted 00:11:37 (8779 turns).

retardedninja the Cleaver (Naga Fighter)            Turns: 8779, Time: 00:11:38

Health: 0/76       AC: 12    Str: 23    XL:     9   Next: 78%
Magic:  9/9        EV:  5    Int:  8    God:    Hepliaklqana [*.....]
Gold:   544        SH:  9    Dex: 11    Spells: 8/8 levels left

rFire   . . .      SeeInvis +    a - +0 war axe
rCold   + . .      Faith    .    e - +0 kite shield
rNeg    . . .      Spirit   .    l - +1 chain mail
rPois   +          Reflect  .    (no helmet)
rElec   .          Rampage  .    (no cloak)
rCorr   +                        g - +1 pair of gloves
Will    +....                    (no barding) Stlth
                                 (no amulet)
HPRegen 0.32/turn                b - ring of protection from cold
MPRegen 0.11/turn                u - ring of resist corrosion

@: very slow
A: reduced essence, AC +3, large, see invisible, deformed body, poison
resistance, slowness 2, spit poison 1, naga tail 1
a: Spit Poison, Renounce Religion, Recall Ancestor, Ancestor Identity


You were on level 7 of the Dungeon.
You worshipped Hepliaklqana.
Hepliaklqana was aware of your devotion.
You visited 2 branches of the dungeon, and saw 8 of its levels.

You collected 544 gold pieces.

Inventory:

Hand Weapons
 a - a +0 war axe (weapon)
Missiles
 f - 3 throwing nets
Armour
 e - a +0 kite shield (worn)
 g - a +1 pair of gloves (worn)
 l - a +1 chain mail (worn)
Jewellery
 b - a ring of protection from cold (left hand)
 u - a ring of resist corrosion (right hand)
Wands
 d - a wand of mindburst (12)
 i - a wand of polymorph (7)
Scrolls
 h - 4 scrolls of teleportation
 k - a scroll of immolation
 m - 3 scrolls of amnesia
 n - a scroll of identify
 o - a scroll of vulnerability {unknown}
 q - a scroll of torment {unknown}
 s - a scroll of poison {unknown}
 w - a scroll of blinking {unknown}
Potions
 c - a potion of lignification {unknown}
 j - 2 potions of curing
 p - a potion of mutation
 t - a potion of degeneration {unknown}
 v - 2 potions of brilliance {unknown}


   Skills:
 + Level 6.6 Fighting
 * Level 8.5 Axes
 + Level 5.5 Armour
 + Level 6.0 Shields


You had 8 spell levels left.
You didn't know any spells.
Your spell library contained the following spells:

 Spells                   Type           Power      Damage    Failure   Level
 Magic Dart               Conj           0%         1d3       99%         1
 Call Imp                 Summ           0%         N/A       100%        2
 Mephitic Cloud           Conj/Pois/Air  0%         N/A       100%        3
 Portal Projectile        Hex/Tloc       0%         N/A       100%        3
 Tukima's Dance           Hex            0%         N/A       100%        3
 Blade Hands              Tmut           0%         N/A       100%        5


Dungeon Overview and Level Annotations

Branches:
Dungeon (7/15)             Temple (1/1) D:5

Altars:
Ashenzari
Dithmenos
Elyvilon
Fedhas
Hepliaklqana
Nemelex Xobeh
Okawaru
Qazlal
Sif Muna
Trog
Wu Jian
Zin
The Shining One

Shops:
D:1 *   D:2 ![(

Annotations:
D:3 1 runed translucent door, Crazy Yiuf
D:7 Dowan, Duvessa


Innate Abilities, Weirdness & Mutations

Your life essence is reduced to manifest your ancestor. (-10% HP)
Your serpentine skin is tough. (AC +3)
You have supernaturally acute eyesight. (SInv)
Armour fits poorly on your strangely shaped body.
Your system is resistant to poisons. (rPois)
You cover ground very slowly.
You can spit poison.
You have a snake-like lower body.


Message History

You hit Duvessa.
Duvessa is lightly wounded.
You miss Dowan.
Enheduana hits Duvessa but does no damage.
Duvessa hits you with a +0 short sword of electrocution.
Dowan hits you but does no damage.
Enheduana barely misses Duvessa.
You block Duvessa's attack.
You hit Duvessa.
Duvessa is lightly wounded.
You barely miss Dowan. Dowan gestures at you while chanting.
You resist with almost no effort.
Duvessa hits you with a +0 short sword of electrocution.
Enheduana hits Duvessa but does no damage.
You barely miss Duvessa.
Duvessa is lightly wounded.
You hit Dowan.
Duvessa hits you with a +0 short sword of electrocution.
You are electrocuted!
Dowan barely misses you. Duvessa hits you but does no damage.
You are electrocuted!
Enheduana hits Duvessa.
Dowan hits you but does no damage.
You completely miss Duvessa.
Duvessa is lightly wounded.
You barely miss Dowan. Duvessa hits you but does no damage.
Enheduana hits Duvessa but does no damage.
Duvessa hits you with a +0 short sword of electrocution.
You block Dowan's attack.
Unknown command.
You feel much better. You block Duvessa's attack.
Enheduana closely misses Duvessa.
You block Dowan's attack.
Unknown command.
You slash Duvessa!
Duvessa is heavily wounded.
You hit Dowan.
Duvessa hits you with a +0 short sword of electrocution!
You are electrocuted!
* * * LOW HITPOINT WARNING * * *
Enheduana barely misses Duvessa.
Duvessa hits you but does no damage.
You are electrocuted!!
You die...

...# #.# ### ...# #.#
#.. ...# #.# #.# ...#
#.# #.# ...# #.# ##.#
...########.###..#######
......##....##..........
...##....##.#...Re......
...####....##.#.@e......
............>.#......!..
###......######.........
#......# #........(
#......# #.........
#......# ##########
#......# #......#


You could see the friendly Enheduana the ancestor, Duvessa (fast, ally target)
and Dowan.

Vanquished Creatures
  Prince Ribbit (D:6)
  Grinder (D:4)
  Sigmund (D:2)
  2 water moccasins (D:5)
  3 black bears
  An ice beast (D:5)
  An ogre (D:6)
  A boggart (D:5)
  2 centaurs
  A phantom (D:6)
  A kobold brigand (D:6)
  2 bullfrogs
  5 scorpions
  A wight (D:4)
  2 hounds
  A gnoll bouda (D:5)
  2 sleepcaps
  Natasha (thrice) (D:4)
  3 iguanas
  4 orc wizards
  15 gnolls
  8 adders
  2 river rats (D:4)
  A white imp (D:6)
  3 ufetubi
  5 worms
  2 dart slugs
  9 orcs
  8 endoplasms
  2 giant cockroaches (D:2)
  38 goblins
  24 hobgoblins
  7 jackals (D:4)
  3 quokkas
  9 ball pythons
  4 bats
  2 frilled lizards
  14 kobolds
  8 rats
202 creatures vanquished.

Vanquished Creatures (collateral kills)
  A sleepcap (D:7)
1 creature vanquished.

Grand Total: 203 creatures vanquished

Notes
Turn   | Place    | Note
-------+----------+-------------------------------------------
     0 | D:1      | retardedninja the Naga Fighter began the quest for the Orb.
     0 | D:1      | Reached XP level 1. HP: 21/21 MP: 1/1
   143 | D:1      | Found a faded altar of an unknown god.
   149 | D:1      | Reached XP level 2. HP: 27/28 MP: 2/2
   224 | D:1      | Found Ohid's General Store.
   411 | D:1      | Reached XP level 3. HP: 34/34 MP: 3/3
  1038 | D:2      | HP: 1/34 [hobgoblin (3)]
  1468 | D:2      | Reached XP level 4. HP: 39/42 MP: 4/4
  1489 | D:2      | Found Qysiy's Distillery.
  1489 | D:2      | Noticed Sigmund
  1500 | D:2      | Killed Sigmund
  1501 | D:2      | Reached skill level 3 in Axes
  1501 | D:2      | Reached XP level 5. HP: 25/50 MP: 5/5
  1501 | D:2      | Reached XP level 6. HP: 29/57 MP: 6/6
  1676 | D:2      | Found Upsinly's Weapon Shop.
  1677 | D:2      | Found Hefot's Armour Emporium.
  1796 | D:3      | Found a runed translucent door.
  1797 | D:3      | Noticed Crazy Yiuf
  1849 | D:3      | Reached skill level 4 in Axes
  3660 | D:3      | Reached XP level 7. HP: 45/64 MP: 7/7
  3965 | D:4      | Noticed Natasha
  3973 | D:4      | Killed Natasha
  4099 | D:4      | Reached skill level 5 in Axes
  4710 | D:4      | Noticed Grinder
  4729 | D:4      | Paralysed by Grinder for 5 turns
  4738 | D:4      | Killed Grinder
  4739 | D:4      | Reached skill level 5 in Fighting
  4739 | D:4      | Reached skill level 6 in Axes
  4739 | D:4      | Reached XP level 8. HP: 26/74 MP: 8/8
  5087 | D:4      | Noticed Natasha
  5098 | D:4      | Killed Natasha
  5168 | D:4      | Noticed Natasha
  5192 | D:4      | Killed Natasha
  5446 | D:4      | Found an iron altar of Okawaru.
  5649 | D:5      | Entered Level 5 of the Dungeon
  5864 | D:5      | Found a staircase to the Ecumenical Temple.
  5907 | Temple   | Entered the Ecumenical Temple
  6072 | Temple   | Became a worshipper of Hepliaklqana the Forgotten
  6101 | D:5      | Reached skill level 5 in Shields
  6424 | D:5      | Reached skill level 7 in Axes
  6645 | D:5      | Reached XP level 9. HP: 25/82 MP: 9/9
  7252 | D:5      | Reached skill level 5 in Armour
  7947 | D:6      | Reached skill level 8 in Axes
  8028 | D:6      | Noticed Prince Ribbit
  8049 | D:6      | Killed Prince Ribbit
  8534 | D:6      | Reached * piety under Hepliaklqana
  8768 | D:7      | Noticed Duvessa
  8768 | D:7      | Noticed Dowan
  8779 | D:7      | Slain by Duvessa

Illustrated notes

Levels and vault maps discovered:
D:1:      lemuel_arrival_room, layout_loops_ring, basic_ecumenical_altar,
          serial_shops, nicolae_shop_advertising_works
          [nicolae_subvault_shop_adworks], dk_noncrumbling_2
D:2:      layout_basic, serial_shops, nicolae_shop_hallway_stairs, shop, shop,
          minmay_misc_feat_square, uniq_sigmund
D:3:      minmay_goblin_kobold_castle, layout_rooms, uniq_crazy_yiuf_cottage
D:4:      wad_crossroads, layout_basic, mainiacjoe_overflow_alcove_2,
          portal_sewer_entry_e, uniq_natasha, uniq_grinder
D:5:      layout_loops_ring, minmay_temple_entry_arrows, lightli_minifort
D:6:      layout_rooms, uniq_prince_ribbit1
D:7:      layout_basic, lemuel_tele_altar, grunt_ogre_cave,
          nicolae_nh_ransacked_shop, uniq_duvessa
Temple:   nicolae_temple_godzebo

Skill      XL: |  1  2  3  4  5  6  7  8  9 |
---------------+----------------------------+-----
Shields        | 3 4 5 6 |  6.0
Axes           | 3 4 6 7 8 |  8.5
Armour         | 3 4 5 |  5.5
Fighting       | 4 5 6 |  6.6

Action                     |  1- 3 |  4- 6 |  7- 9 || total
---------------------------+-------+-------+-------++-------
  Melee: War axe           |   102 |   167 |   389 ||   658
         Unarmed           |       |       |    18 ||    18
  Evoke: Wand              |       |       |     6 ||     6
    Use: Potion            |     1 |     4 |     6 ||    11
         Scroll            |       |       |     9 ||     9
 Armour: Scale mail        |    44 |     8 |       ||    52
         Chain mail        |       |   100 |   237 ||   337
  Dodge: Dodged            |    50 |    68 |   125 ||   243
  Block: Buckler           |    19 |    50 |    87 ||   156
         Kite shield       |       |       |    72 ||    72

Table legend: (Time is in decaauts)
 A = Elapsed time spent in this place.
 B = Non-inter-level travel time spent in this place.
 C = Inter-level travel time spent in this place.
 D = Time resting spent in this place.
 E = Time spent auto-exploring this place.
 F = Levels seen in this place.
 G = Mean time per level.
                   A        B        C        D        E       F      G
               +--------+--------+--------+--------+--------+-----+--------+
         Total |  10458 |  10210 |    248 |   1472 |   7154 |   8 | 1307.2 |
       Dungeon |  10223 |  10003 |    220 |   1472 |   6972 |   7 | 1460.4 |
        Temple |    235 |    207 |     28 |      0 |    182 |   1 |  235.0 |
               +--------+--------+--------+--------+--------+-----+--------+

Top non-repeatable levels by time:
     D:3: 2467 daAuts
     D:5: 2133 daAuts
     D:4: 2073 daAuts
     D:1: 1212 daAuts
     D:6: 1044 daAuts
     D:2: 1026 daAuts
     D:7: 265 daAuts
  Temple: 235 daAuts
